Description

..

Replay - ZeRg

Build Order

Get SALT Encoding   

  12  0:00  Drone  
  13  0:12  Overlord  
  13  0:16  Drone  
  14  0:30  Drone x2  
  16  0:48  Hatchery  
  15  0:51  Drone x2  
  17  0:57  Drone  
  18  1:05  Extractor  
  17  1:13  Spawning Pool  
  17  1:16  Drone x2  
  18  1:28  Drone  
  20  1:49  Overlord  
  20  1:59  Queen x2  
  24  2:01  Zergling x4  
  24  2:05  Metabolic Boost  
  32  2:37  Queen x2  
  36  2:45  Overlord  
  36  2:51  Overlord  
  36  3:12  Extractor x2  
  41  3:17  Lair  
  44  3:30  Baneling Nest  
  43  3:35  Queen  
  45  3:46  Overlord  
  50  3:58  Extractor  
  52  4:20  Spire  
  52  4:21  Hatchery  
  51  4:29  Centrifugal Hooks  
  52  4:35  Zergling x4  
  52  4:36  Baneling x2  
  54  4:41  Zergling x6  
  52  5:08  Queen  
  56  5:25  Baneling x3  
  56  5:33  Overseer  
  56  5:35  Mutalisk x6  
  56  5:41  Queen  
  70  5:47  Baneling  
  70  5:48  Zergling x6  
  77  5:58  Zerg Flyer Weapons Level 1  
  86  6:21  Pneumatized Carapace  
  86  6:24  Baneling x3  
  90  6:37  Baneling  
  90  6:48  Mutalisk x2  
  92  7:16  Overseer  
  96  7:23  Evolution Chamber x2  
  96  7:26  Hatchery  
  75  7:46  Hatchery  
  75  7:47  Mutalisk x2  
  81  7:58  Zerg Melee Weapons Level 1  
  83  8:25  Zerg Ground Armor Level 1  
  102  9:09  Queen  
  107  9:11  Extractor x2  
  109  9:37  Hatchery  
Spawning Tool Build Advisor. Get it on Overwolf

Analysis

..

Go to:

Details

  • Created by: Raiby
  • Published on: Jul 23, 2022
  • Modified on: Jul 23, 2022
  • Patch: 4.11.0
  • Difficulty: Medium
Show
View Real Time Build Order
Export as new Build Order

Comments (0)

There are no comments. Be the first!

Create an account to comment!